 Dungeon Crawl Stone Soup version 0.28-a0-95-g65e1ffefe4 (webtiles) character file.

Game seed: 6897928198532453599

89 pokeman the Magician (level 4, -17/37 HPs)
             Began as a Deep Elf Hedge Wizard on Aug 9, 2021.
             Demolished by a swamp worm (glowing shapeshifter) (24 damage)
             ... led by Robin
             ... on level 3 of the Dungeon.
             The game lasted 00:05:53 (2873 turns).

pokeman the Magician (Deep Elf Hedge Wizard)        Turns: 2873, Time: 00:05:53

Health: -17/37     AC:  4    Str:  7    XL:     4   Next: 31%
Magic:  2/13       EV: 12    Int: 20    God:
Gold:   88         SH:  0    Dex: 14    Spells: 3/14 levels left

rFire   . . .      SeeInvis .   l - +3 quarterstaff (chaos)
rCold   . . .      Faith    .   (shield currently unavailable)
rNeg    . . .      Spirit   .   a - +0 leather armour
rPois   .          Reflect  .   c - +0 hat
rElec   .          Harm     .   m - +0 cloak
rCorr   .          Rampage  .   (no gloves)
Will    .....                   (no boots)
Stlth   ..........              (no amulet)
HPRegen 0.12/turn               (no ring)
MPRegen 0.13/turn               (no ring)

@: berserking (expiring), very quick
A: no striking features
a: no special abilities


You were on level 3 of the Dungeon.
You visited 1 branch of the dungeon, and saw 3 of its levels.

You collected 88 gold pieces.

Inventory:

Hand Weapons
 l - a +3 quarterstaff of chaos (weapon)
Missiles
 b - 13 arrows
Armour
 a - a +0 leather armour (worn)
 c - a +0 hat (worn)
 m - a +0 cloak (worn)
Wands
 i - a wand of paralysis (8)
Scrolls
 e - a scroll of identify
 f - 2 scrolls of teleportation {unknown}
 g - a scroll of noise {unknown}
Potions
 j - 2 potions of brilliance


   Skills:
 - Level 1.1 Fighting
 - Level 1.1 Armour
 + Level 2.5 Dodging
 - Level 2.4 Stealth
 * Level 5.6 Spellcasting
 + Level 2.2 Conjurations
 - Level 1.1 Summonings
 - Level 1.1 Translocations
 + Level 0.1 Fire Magic


You had 3 spell levels left.
You knew the following spells:

 Your Spells              Type           Power      Damage    Failure   Level
a - Magic Dart            Conj           56%        1d5       6%          1
b - Mephitic Cloud        Conj/Pois/Air  8%         N/A       34%         3
c - Call Imp              Summ           10%        N/A       16%         2
d - Blink                 Tloc           N/A        N/A       16%         2
e - Conjure Flame         Conj/Fire      10%        6-21      28%         3

Your spell library contained the following spells:

 Spells                   Type           Power      Damage    Failure   Level
 Slow                     Hex            5%         N/A       24%         2


Dungeon Overview and Level Annotations

Branches:
Dungeon (3/15)

Altars:

Annotations:
D:3 Robin


Message History

As you read the scroll labelled BUERUJ VAMMANK, it crumbles to dust.
It is a scroll of identify.
j - 2 potions of brilliance The anaconda closely misses you.
* * * LOW HITPOINT WARNING * * *
The anaconda constricts you.
Robin says, "Duck!"
The anaconda barely misses you.
* * * LOW HITPOINT WARNING * * *
The anaconda constricts you.
Unknown command.
It was a potion of berserk rage.
A red film seems to cover your vision as you go berserk!
You feel yourself moving faster!
You feel mighty! The water nymph loses her grip on you.
The anaconda changes into a water nymph!
You are too berserk!
Unknown command.
You hit the water nymph.
The water nymph is poisoned.
The water nymph is lightly wounded.
Unknown command.
Unknown command.
You sock the water nymph!
The water nymph goes berserk!
The water nymph is heavily wounded.
The water nymph closely misses you.
Unknown command.
Unknown command.
Splash!
You fall into the shallow water.
Moving in this stuff is going to be slow.
You closely miss the water nymph.
The water nymph is heavily wounded.
The water nymph changes into a swamp worm!
Unknown command.
You miss the swamp worm. You sock the swamp worm!
The swamp worm is moderately wounded.
The swamp worm bites you!!
Ouch! That really hurt!
You die...

#J# ... #.####
.... #..#.##
.....
##.#..)####......
#.###..)†gg......
##.#g..####......
##g#.## .....
#w### .... #@#
... #<# .. #.# #
#.# #.# #)# #.#
#.. ###


You could see a swamp worm shaped shifter, a hobgoblin (strong) and a goblin
(strong).

Vanquished Creatures
  Crazy Yiuf (D:2)
  An adder (D:2)
  A dart slug (D:1)
  5 endoplasms
  3 giant cockroaches
  5 hobgoblins
  A jackal (D:1)
  A quokka (D:1)
  3 ball pythons
  9 bats
  4 frilled lizards
  9 goblins
  4 kobolds (D:1)
  A rat (D:1)
48 creatures vanquished.

Notes
Turn   | Place    | Note
-------+----------+-------------------------------------------
     0 | D:1      | pokeman the Deep Elf Hedge Wizard began the quest for the
                  | Orb.
     0 | D:1      | Reached XP level 1. HP: 10/10 MP: 7/7
   315 | D:1      | Reached XP level 2. HP: 15/15 MP: 4/9
   917 | D:1      | Reached skill level 5 in Spellcasting
  1226 | D:1      | Reached XP level 3. HP: 20/20 MP: 8/11
  1230 | D:1      | Learned a level 3 spell: Mephitic Cloud
  1233 | D:1      | Learned a level 2 spell: Call Imp
  1236 | D:1      | Learned a level 2 spell: Blink
  1240 | D:1      | Learned a level 3 spell: Conjure Flame
  1413 | D:2      | Found a faded altar of an unknown god.
  2286 | D:2      | Found a runed translucent door.
  2287 | D:2      | Noticed Crazy Yiuf
  2700 | D:2      | Killed Crazy Yiuf
  2701 | D:2      | Reached skill level 1 in Fighting
  2701 | D:2      | Reached skill level 1 in Armour
  2701 | D:2      | Reached XP level 4. HP: 25/25 MP: 3/13
  2840 | D:3      | Noticed Robin
  2855 | D:3      | Noticed a glowing shapeshifter
  2855 | D:3      | a goblin changed into a glowing shapeshifter
  2855 | D:3      | Noticed a sea snake
  2855 | D:3      | a glowing shapeshifter changed into a sea snake
  2864 | D:3      | Noticed an anaconda
  2864 | D:3      | a sea snake changed into an anaconda
  2867 | D:3      | Noticed a water nymph
  2867 | D:3      | an anaconda changed into a water nymph
  2871 | D:3      | Noticed a swamp worm
  2871 | D:3      | a water nymph changed into a swamp worm
  2873 | D:3      | Demolished by a swamp worm (glowing shapeshifter)

Illustrated notes

Levels and vault maps discovered:
D:1:      sevenhm_arrival_forest_fort_large_2, layout_basic, minmay_tetromino_i2
D:2:      layout_basic, ebering_ecumenical_altar_petrified,
          small_statue_intersection, kennysheep_cluttered_room,
          uniq_crazy_yiuf_cottage
D:3:      layout_loops_corners, gammafunk_temple_overflow_forgotten,
          minmay_misc_feat_ornament, minmay_cut_off, uniq_robin

Skill      XL: |  1  2  3 |
---------------+----------+-----
Spellcasting   | 5 |  5.6
Conjurations   | 2 |  2.2
Fighting       | 1 |  1.1
Armour         | 1 |  1.1
Dodging        | |  2.5
Stealth        | |  2.4
Summonings     | |  1.1
Translocations | |  1.1
Fire Magic     | |  0.1

Action                   |  1- 3 |  4- 6 || total
-------------------------+-------+-------++-------
Melee: Dagger            |     2 |       ||     2
       Mace              |     2 |       ||     2
       Quarterstaff      |       |    12 ||    12
 Cast: Magic Dart        |    97 |     5 ||   102
       Conjure Flame     |     2 |     2 ||     4
       Mephitic Cloud    |     2 |     2 ||     4
       Call Imp          |     2 |       ||     2
       Blink             |     1 |       ||     1
  Use: Scroll            |       |     2 ||     2
       Potion            |       |     1 ||     1
Armor: Robe              |     2 |       ||     2
       Leather armour    |     1 |     5 ||     6
Dodge: Dodged            |    15 |     8 ||    23

Table legend: (Time is in decaauts)
 A = Elapsed time spent in this place.
 B = Non-inter-level travel time spent in this place.
 C = Inter-level travel time spent in this place.
 D = Time resting spent in this place.
 E = Time spent auto-exploring this place.
 F = Levels seen in this place.
 G = Mean time per level.
                   A        B        C        D        E       F      G
               +--------+--------+--------+--------+--------+-----+--------+
         Total |   2873 |   2786 |     87 |    261 |   2142 |   3 |  957.7 |
       Dungeon |   2873 |   2786 |     87 |    261 |   2142 |   3 |  957.7 |
               +--------+--------+--------+--------+--------+-----+--------+

Top non-repeatable levels by time:
     D:2: 1403 daAuts
     D:1: 1397 daAuts
     D:3: 73 daAuts
